 Dungeon Crawl Stone Soup version 0.27.1-35-g4d5d836560 (console) character file.

Game seed: 540011547298245617

767 Banquo the Chopper (level 8, -4/63 HPs)
             Began as a Formicid Fighter on Mar 23, 2022.
             Was a Follower of Uskayaw.
             Slain by a wyvern zombie (8 damage)
             ... on level 5 of the Dungeon.
             The game lasted 00:20:36 (6441 turns).

Banquo the Chopper (Formicid Fighter)               Turns: 6441, Time: 00:20:37

Health: -4/63      AC:  8    Str: 22    XL:     8   Next: 8%
Magic:  17/17      EV:  9    Int:  7    God:    Uskayaw [*.....]
Gold:   892        SH: 10    Dex: 10    Spells: 7/7 levels left

rFire    . . .     SeeInvis +   a - +0 war axe
rCold    . . .     Faith    .   c - +0 kite shield
rNeg     . . .     Spirit   .   u - +0 scale mail
rPois    .         Reflect  .   (helmet unavailable)
rElec    +         Harm     .   (no cloak)
rCorr    .         Rampage  .   (no gloves)
Will     .....                  f - +0 pair of boots
Stlth    ..........             (no amulet)
HPRegen  0.20/turn              L - ring of flight
MPRegen  0.15/turn              r - ring of magical power

@: flying, studying Fighting
A: permanent stasis, dig shafts and tunnels, antennae 3, four strong arms, dopey
1, mutation resistance 1, electricity resistance
a: Dig, Shaft Self, Renounce Religion, Stomp


You were on level 5 of the Dungeon.
You worshipped Uskayaw.
Uskayaw was noncommittal.
You visited 1 branch of the dungeon, and saw 5 of its levels.
You also visited: Ossuary.

You collected 892 gold pieces.

Inventory:

Hand Weapons
 a - a +0 war axe (weapon)
 b - a +1 trident of venom
 j - a +0 vorpal hand axe
 n - a +0 spear
 p - a +0 war axe
 q - a +0 trident
Missiles
 d - 5 boomerangs
 m - 29 poisoned darts
Armour
 c - a +0 kite shield (worn)
 f - a +0 pair of boots (worn)
 h - a +0 chain mail
 u - a +0 scale mail (worn)
Jewellery
 r - a ring of magical power (right hand)
 L - a ring of flight (left hand)
Wands
 i - a wand of iceblast (3)
Scrolls
 k - a scroll of fog {unknown}
 o - a scroll of silence {unknown}
 v - 2 scrolls of fear {unknown}
Potions
 e - a potion of heal wounds
 g - a potion of cancellation
 l - a potion of haste {unknown}
 s - 2 potions of mutation
 t - a potion of curing


   Skills:
 * Level 5.4 Fighting
 * Level 6.8 Axes
 * Level 4.4 Armour
 * Level 1.4 Dodging
 * Level 5.0 Shields
 * Level 0.1 Invocations


You had 7 spell levels left.
You didn't know any spells.
Your spell library contained the following spells:

 Spells                   Type           Power      Damage    Failure   Level
 Apportation              Tloc           0%         N/A       95%         1
 Alistair's Intoxication  Tmut/Pois      0%         N/A       100%        5
 Invisibility             Hex            0%         N/A       100%        6


Dungeon Overview and Level Annotations

Branches:
Dungeon (5/15)            Ossuary (visited)
 Temple: D:4-7

Altars:
Uskayaw


Innate Abilities, Weirdness & Mutations

You cannot be hasted, slowed, berserked, paralysed or teleported.
You can dig through walls and to a lower floor.
You have a pair of large antennae on your head. (SInv)
Your four strong arms can wield two-handed weapons with a shield.
You are dopey. (Int -2)
You are somewhat resistant to further mutation.
You are resistant to electric shocks. (rElec)


Message History

The orc wizard hits you but does no damage.
You are too confused!
You are too confused!
You bump into the rock wall.
The wyvern zombie bites you!
The orc wizard hits you with a +0 dagger.
The wyvern zombie barely misses you.
The orc wizard hits you but does no damage.
You bump into the rock wall.
The wyvern zombie bites you but does no damage.
The orc wizard hits you with a +0 dagger.
You bump into the rock wall.
The wyvern zombie barely misses you.
The orc wizard hits you with a +0 dagger.
The wyvern zombie bites you.
You bump into the rock wall.
You feel less confused. The wyvern zombie bites you.
You closely miss the orc wizard. You hit the wyvern zombie.
The orc wizard hits you with a +0 dagger.
The wyvern zombie bites you!
* * * LOW HITPOINT WARNING * * *
You block the orc wizard's attack.
You closely miss the orc wizard. You slash the wyvern zombie!
You block the wyvern zombie's attack. The wyvern zombie bites you.
* * * LOW HITPOINT WARNING * * *
The orc wizard hits you with a +0 dagger.
* * * LOW HITPOINT WARNING * * *
You barely miss the orc wizard. You completely miss the wyvern zombie.
The wyvern zombie barely misses you. The orc wizard casts a spell at you.
The magic dart hits you but does no damage.
The wyvern zombie barely misses you.
You slash the orc wizard!
You kill the orc wizard!
You slash the wyvern zombie! You block the wyvern zombie's attack.
The wyvern zombie bites you!
* * * LOW HITPOINT WARNING * * *
Unknown command.
Are you sure you want to shaft yourself?
The wyvern zombie bites you!
You die...

...#.......#...#
...#..._...^...##
##.#...)...#....#
...#...)...#....#
...#..))...#....#
...####.####...#########
(..............#........
.....#..<..#...#........
.....#.....#...#@.......
.....#.....#...#Z)......
.....#.....#...'........
.....#.....#...#........
.....#.....###.#........
.....#...... ...........
#..................
#..........#####...
{......# ...


You could see a wyvern zombie.

Vanquished Creatures
  3 centaur zombies (Ossuary)
  2 hounds
  3 human zombies (Ossuary)
  An orc priest (D:3)
  An iguana (D:3)
  7 orc wizards
  2 hound skeletons (D:4)
  2 mummies (Ossuary)
  6 adders
  An ufetubus (D:4)
  A worm (D:2)
  4 dart slugs
  28 orcs
  6 ball pythons
  2 bats
  7 endoplasms
  2 giant cockroaches
  8 goblins
  8 hobgoblins
  8 jackals
  10 kobolds
  5 quokkas
  3 frilled lizards
  A goblin zombie (Ossuary)
  9 hobgoblin zombies (Ossuary)
  A jackal zombie (Ossuary)
  7 kobold zombies (Ossuary)
  8 orc zombies (Ossuary)
  7 rats
  4 rat zombies (Ossuary)
157 creatures vanquished.

Notes
Turn   | Place    | Note
-------+----------+-------------------------------------------
     0 | D:1      | Banquo the Formicid Fighter began the quest for the Orb.
     0 | D:1      | Reached XP level 1. HP: 18/18 MP: 1/1
   183 | D:1      | Reached XP level 2. HP: 23/24 MP: 2/2
   303 | D:1      | Reached skill level 3 in Axes
   853 | D:1      | Reached XP level 3. HP: 26/29 MP: 3/3
  1163 | D:2      | Identified a scroll of acquirement
  1163 | D:2      | Acquired a manual of Fighting
  1509 | D:2      | Reached XP level 4. HP: 20/35 MP: 4/4
  1799 | D:2      | Reached skill level 4 in Axes
  1963 | D:2      | Found a faded altar of an unknown god.
  2153 | D:2      | Acquired 698 gold pieces
  2812 | D:3      | Reached XP level 5. HP: 34/42 MP: 5/5
  2961 | D:3      | Reached skill level 5 in Axes
  3182 | D:3      | Reached XP level 6. HP: 16/48 MP: 6/6
  4079 | D:4      | Noticed an ogre
  4080 | D:4      | Gained mutation: You are dopey. (Int -2) [potion of
                  | mutation]
  4080 | D:4      | Gained mutation: You are resistant to electric shocks.
                  | (rElec) [potion of mutation]
  4080 | D:4      | Gained mutation: You are somewhat resistant to further
                  | mutation. [potion of mutation]
  4174 | D:4      | Reached XP level 7. HP: 54/55 MP: 7/7
  4258 | D:4      | Found a sand-covered staircase.
  4264 | Ossuary  | Entered an ossuary
  4315 | Ossuary  | Reached skill level 6 in Axes
  4598 | Ossuary  | Reached skill level 1 in Dodging
  4653 | Ossuary  | Reached skill level 5 in Fighting
  6094 | D:5      | Entered Level 5 of the Dungeon
  6136 | D:5      | Found a hide-covered altar of Uskayaw.
  6145 | D:5      | Became a worshipper of Uskayaw the Reveller
  6160 | D:5      | Reached XP level 8. HP: 31/62 MP: 8/8
  6161 | D:5      | Reached * piety under Uskayaw
  6187 | D:5      | Reached skill level 5 in Shields
  6441 | D:5      | Slain by a wyvern zombie

Illustrated notes

Levels and vault maps discovered:
D:1:      giann_horns, layout_rooms, minivault_11
D:2:      layout_basic, shapermc_ecumenical_altar_mp_vishouse,
          minmay_fractal_squares_gapless_5
D:3:      layout_loops_ring, kennysheep_nub, nrook_campfire
D:4:      layout_gridville, nicolae_ossuary_entry_monument
D:5:      layout_gridville, lemuel_tele_altar, minmay_temple_entry_butterflies

Skill      XL: |  1  2  3  4  5  6  7  8 |
---------------+-------------------------+-----
Axes           | 3 4 5 6 |  6.8
Shields        | 4 5 |  5.0
Fighting       | 4 5 |  5.4
Armour         | 4 |  4.4
Dodging        | 1 |  1.4
Invocations    | |  0.1

Action                   |  1- 3 |  4- 6 |  7- 9 || total
-------------------------+-------+-------+-------++-------
Melee: War axe           |   122 |   179 |   186 ||   487
       Trident           |       |       |    13 ||    13
 Abil: Dig               |       |     5 |     2 ||     7
       Shaft Self        |       |       |     1 ||     1
  Use: Scroll            |     3 |     3 |     3 ||     9
       Potion            |       |     3 |     1 ||     4
Armor: Scale mail        |    70 |    64 |    91 ||   225
Dodge: Dodged            |    30 |    43 |    71 ||   144
Block: Kite shield       |    70 |    93 |   106 ||   269
